 Dungeon Crawl Stone Soup version 0.31-a0-631-g285b096dc4 (webtiles) character file.

Game seed: 10146498880568204810

1531 Arcadio the Grave Robber (level 8, -15/46 HPs)
             Began as an Octopode Necromancer on Aug 26, 2023.
             Was an Initiate of Ru.
             Demolished by Maggie
             ... wielding a +1 heavy broad axe
              (31 damage)
             ... on level 8 of the Dungeon.
             The game lasted 00:14:33 (5566 turns).

Arcadio the Grave Robber (Octopode Necromancer)     Turns: 5566, Time: 00:14:35

Health: -15/46     AC:  1    Str:  7    XL:     8   Next: 85%
Magic:  22/34      EV: 15    Int: 20    God:    Ru [......]
Gold:   334        SH:  0    Dex: 12    Spells: 5/18 levels left

rFire   + + .        e - +1 short sword (venom)
rCold   . . .        (no shield)
rNeg    . . .        (helmet restricted)
rPois   .            s - amulet of regeneration
rElec   .            j - +4 ring of slaying
rCorr   +            q - ring of magical power
SInv    .            t - ring of magical power
Will    .....        I - ring of the Gloaming {rF++ rCorr}
Stlth   +++          (no ring)
HPRegen 1.07/turn    (no ring)
MPRegen 0.24/turn    (no ring)
                     (no ring)

%: no passive effects
@: no status effects
A: almost no armour, amphibious, 8 rings, camouflage 1, gelatinous body 1,
(nimble swimmer 1), tentacles
a: Renounce Religion


You were on level 8 of the Dungeon.
You worshipped Ru.
Ru was noncommittal.
You visited 2 branches of the dungeon, and saw 10 of its levels.

You collected 334 gold pieces.

Inventory:

Hand Weapons
 d - a +0 dagger
 e - a +1 short sword of venom (weapon)
 x - a +1 flail of protection
 G - a +0 rapier
 H - a +2 flail of draining
Missiles
 A - a throwing net
Jewellery
 j - a +4 ring of slaying (left tentacle)
 q - a ring of magical power (right tentacle)
 s - an amulet of regeneration (around mantle)
 t - a ring of magical power (on tentacle)
 I - the ring of the Gloaming (on tentacle) {rF++ rCorr}
   (You found it on level 8 of the Dungeon)

   [ring of resist corrosion]

   rF++:      It greatly protects you from fire.
   rCorr:     It protects you from acid and corrosion.
Wands
 n - a wand of paralysis (9)
 o - a wand of digging (3)
 w - a wand of light (11)
 y - a wand of iceblast (5)
 z - a wand of flame (15)
Scrolls
 b - a scroll of vulnerability {unknown}
 c - a scroll of torment {unknown}
 i - 2 scrolls of teleportation
 k - a scroll of silence {unknown}
 m - 2 scrolls of revelation {unknown}
 p - 2 scrolls of blinking {unknown}
 u - 2 scrolls of enchant armour {unknown}
 B - a scroll of identify {unknown}
 E - a scroll of amnesia {unknown}
Potions
 a - a potion of magic
 f - a potion of invisibility {unknown}
 g - a potion of enlightenment {unknown}
 h - 3 potions of curing {unknown}
 l - a potion of mutation {unknown}
 r - 2 potions of haste {unknown}
 v - 2 potions of berserk rage {unknown}
 C - 2 potions of degeneration {unknown}
 D - a potion of ambrosia {unknown}
 F - a potion of cancellation {unknown}


   Skills:
 + Level 6.5 Dodging
 - Level 2.6 Stealth
 + Level 5.9 Spellcasting
 + Level 7.4 Necromancy


You had 5 spell levels left.
You knew the following spells:

 Your Spells              Type           Power      Damage    Failure   Level
a - Necrotise             Necr           100%       1d9       1%          1
b - Vampiric Draining     Necr           35%        2d8       1%          3
c - Animate Dead          Necr           35%        N/A       4%          4
d - Agony                 Necr           35%        N/A       14%         5

Your spell library contained the following spells:

 Spells                   Type           Power      Damage    Failure   Level
 Summon Small Mammal      Summ           20%        N/A       11%         1
 Blink                    Tloc           10%        N/A       16%         2
 Lesser Beckoning         Tloc           10%        N/A       16%         2
 Momentum Strike          Conj/Tloc      10%        3d8       16%         2
 Call Canine Familiar     Summ           5%         N/A       32%         3
 Frozen Ramparts          Ice            10%        1d2       32%         3
 Inner Flame              Hex/Fire       5%         N/A       32%         3
 Portal Projectile        Hex/Tloc       10%        N/A       32%         3
 Volatile Blastmotes      Fire/Tloc      10%        2d10      32%         3
 Fulminant Prism          Conj/Hex       2%         3d5       71%         4
 Iskenderun's Mystic Bla  Conj/Tloc      5%         2d3       71%         4
 Leda's Liquefaction      Hex/Erth       2%         N/A       71%         4
 Petrify                  Tmut/Erth      5%         N/A       71%         4
 Metabolic Englaciation   Hex/Ice        2%         N/A       96%         5
 Yara's Violent Unravell  Hex/Tmut       2%         3d3       96%         5
 Enfeeble                 Hex            2%         N/A       100%        7


Dungeon Overview and Level Annotations

Branches:
Dungeon (9/15) Zot: 26563  Temple (1/1) D:7 Zot: 5852
   Lair: D:8-11         Orc: D:9-12

Altars:
Ashenzari
Cheibriados
Dithmenos
Fedhas
Gozag
Hepliaklqana
Kikubaaqudgha
Makhleb
Nemelex Xobeh
Okawaru
Qazlal
Ru
Sif Muna
Trog
Uskayaw
Vehumet
Wu Jian
Xom
Zin
The Shining One

Annotations:
D:4 Sigmund
D:6 Grinder
D:8 Maggie
D:9 1 transporter


Innate Abilities, Weirdness & Mutations

You cannot wear most types of armour.
You are amphibious.
You can wear up to eight rings at the same time.
Your skin changes colour to match your surroundings (Stealth+).
Your rubbery body absorbs attacks. (AC +1, EV +1)
((You are camouflaged when in or above water. (Stealth+)))
You have tentacles for arms and can constrict up to eight enemies at once.


Message History

Level annotation: Maggie
There is a stone staircase leading up here.
You see here the ring of the Gloaming {rF++ rCorr}.
I - the ring of the Gloaming {rF++ rCorr}
I - the ring of the Gloaming (on tentacle) {rF++ rCorr} You hit Maggie.
Maggie is poisoned.
Your grab misses Maggie. You squeeze Maggie!
Maggie is lightly wounded.
Maggie hits you with a +1 heavy broad axe!!
Ouch! That really hurt!
Casting: Vampiric Draining (safe; 1% risk of failure)
Confirm with . or Enter, or press ? or * to list all spells.
Aiming: Vampiric Draining (safe; 1% risk of failure)
Press: ? - help, Shift-Dir - straight line, f - Maggie
Aim: Maggie, wielding a +1 heavy broad axe and wearing +0 acid dragon scales (lightly wounded, very poisoned)
You draw life force from Maggie.
You feel life coursing into your body. Maggie closely misses you.
Casting: Vampiric Draining (safe; 1% risk of failure)
Confirm with . or Enter, or press ? or * to list all spells.
Aiming: Vampiric Draining (safe; 1% risk of failure)
Press: ? - help, Shift-Dir - straight line, f/p - Maggie
Aim: Maggie, wielding a +1 heavy broad axe and wearing +0 acid dragon scales (moderately wounded, very poisoned)
You draw life force from Maggie!
You feel life coursing into your body.
Casting: Vampiric Draining (safe; 1% risk of failure)
Confirm with . or Enter, or press ? or * to list all spells.
Aiming: Vampiric Draining (safe; 1% risk of failure)
Press: ? - help, Shift-Dir - straight line, f/p - Maggie
Aim: Maggie, wielding a +1 heavy broad axe and wearing +0 acid dragon scales (heavily wounded, very poisoned)
You draw life force from Maggie.
You feel life coursing into your body.
Maggie hits you with a +1 heavy broad axe!!
Casting: Vampiric Draining (safe; 1% risk of failure)
Confirm with . or Enter, or press ? or * to list all spells.
Aiming: Vampiric Draining (safe; 1% risk of failure)
Press: ? - help, Shift-Dir - straight line, f/p - Maggie
Aim: Maggie, wielding a +1 heavy broad axe and wearing +0 acid dragon scales (heavily wounded, very poisoned)
You draw life force from Maggie.
You feel life coursing into your body.
Maggie practices a pose.
Maggie hits you with a +1 heavy broad axe!!
Ouch! That really hurt!
You die...

..... ####...# ...#
#.#....# #..... ......##
...... #.....###....=.
#..............
#...#....#.........
........@...........
.......#@..........
......#...<[......
#.....#...........
#####@................
#.##<....................
#.........................
#.........................
####.....@..>..#..##......
##.........#### ......


You could see Maggie (very poisoned).

Vanquished Creatures
  A hornet (D:7)
  2 black bears
  A sky beast (D:7)
  An ice beast (D:7)
  3 bullfrogs
  2 scorpions (D:5)
  4 howler monkeys
  2 hounds
  A gnoll bouda (D:5)
  A jelly (D:6)
  An orc priest (D:6)
  3 iguanas
  2 orc wizards (D:6)
  4 gnolls
  8 adders
  3 shadow imps
  A white imp (D:5)
  3 dart slugs
  9 orcs
  6 ball pythons
  4 bats
  8 endoplasms
  6 giant cockroaches
  5 goblins
  6 hobgoblins
  11 jackals
  6 kobolds
  3 quokkas
  6 frilled lizards
  7 rats
120 creatures vanquished.

Notes
Turn   | Place    | Note
-------+----------+-------------------------------------------
     0 | D:1      | Arcadio the Octopode Necromancer began the quest for the
                  | Orb.
     0 | D:1      | Reached XP level 1. HP: 11/11 MP: 3/3
    98 | D:1      | Reached XP level 2. HP: 17/17 MP: 5/5
   627 | D:1      | Reached XP level 3. HP: 21/21 MP: 6/6
  1446 | D:2      | Reached XP level 4. HP: 27/27 MP: 8/8
  1694 | D:3      | Learned a level 3 spell: Vampiric Draining
  1722 | D:3      | Learned a level 4 spell: Animate Dead
  2202 | D:3      | Noticed a +3 dagger
  2203 | D:3      | Noticed a +0 hand axe
  2206 | D:3      | Found a hide-covered altar of Uskayaw.
  2370 | D:3      | Reached XP level 5. HP: 31/31 MP: 9/9
  2710 | D:4      | Noticed Sigmund
  2782 | D:4      | Reached skill level 5 in Necromancy
  2941 | D:5      | Entered Level 5 of the Dungeon
  2973 | D:5      | Reached XP level 6. HP: 36/36 MP: 11/11
  3409 | D:4      | Reached XP level 7. HP: 24/41 MP: 13/13
  3528 | D:6      | Noticed Grinder
  3612 | D:6      | Found a shimmering blue altar of Sif Muna.
  3673 | D:6      | Got Sif Muna's Atlas of Accompaniment
  3695 | D:6      | Reached skill level 6 in Necromancy
  3696 | D:6      | Reached skill level 5 in Dodging
  4359 | D:7      | Found a staircase to the Ecumenical Temple.
  4376 | D:7      | Reached XP level 8. HP: 27/46 MP: 15/15
  4378 | Temple   | Entered the Ecumenical Temple
  4451 | Temple   | Became a worshipper of Ru the Awakened
  4580 | D:7      | Found a glowing golden altar of the Shining One.
  4658 | D:7      | Noticed a hornet
  4670 | D:7      | Paralysed by a hornet for 2 turns
  4672 | D:7      | Killed a hornet
  4673 | D:7      | Reached skill level 5 in Spellcasting
  5015 | D:7      | Reached skill level 7 in Necromancy
  5050 | D:7      | You fall into a shaft and drop 2 floors!
  5067 | D:9      | Noticed a troll
  5097 | D:9      | Found a transporter.
  5132 | D:8      | Noticed Maggie
  5392 | D:7      | Learned a level 5 spell: Agony
  5554 | D:8      | Identified the ring of the Gloaming {rF++ rCorr}
  5566 | D:8      | Demolished by Maggie

Illustrated notes

Levels and vault maps discovered:
D:1:      ldierk_walled_garden_2, layout_loops_corners
D:2:      layout_basic
D:3:      layout_basic, dancing_weapons_uskayaw
D:4:      layout_basic, minivault_26, uniq_sigmund
D:5:      layout_rooms
D:6:      layout_cave_pools, led_sif_book, lemuel_zombie_altar_yredelemnul,
          serial_rivers, chequers_serial_rivers_marsh,
          chequers_serial_rivers_marsh, chequers_serial_rivers_micro_b,
          chequers_serial_rivers_marsh, palyth_stone_intersect, minivault_24,
          uniq_grinder
D:7:      layout_basic, mainiacjoe_overflow_24_doors,
          minmay_temple_entry_large_hall, chequers_garden
D:8:      layout_cave_pools, lair_entry_dummy, minmay_diamond_spiral,
          uniq_maggie
D:9:      layout_layer_cave, nicolae_elyvilon_temple_path, serial_shops,
          nicolae_shop_bloodbath_and_beyond, grunt_ministairs_15,
          nicolae_transporter_circle, uniq_harold
Temple:   minmay_temple_bridge_d

Skill      XL: |  1  2  3  4  5  6  7  8 |
---------------+-------------------------+-----
Dodging        | 3 4 5 6 |  6.5
Spellcasting   | 3 4 5 |  5.9
Necromancy     | 5 6 7 |  7.4
Stealth        | |  2.6

Action                     |  1- 3 |  4- 6 |  7- 9 || total
---------------------------+-------+-------+-------++-------
  Melee: Dagger            |     3 |       |       ||     3
         Constrict         |    13 |    22 |    20 ||    55
         Unarmed           |     2 |       |       ||     2
         Short sword       |    48 |    74 |    62 ||   184
         Tentacles         |     9 |     8 |    23 ||    40
         Punch             |     1 |     1 |       ||     2
   Cast: Necrotise         |     3 |     8 |    10 ||    21
         Vampiric Draining |       |    12 |    18 ||    30
    Use: Scroll            |       |     1 |       ||     1
   Stab: Sleeping          |    10 |     9 |     2 ||    21
 Armour: Skin              |     4 |     6 |     2 ||    12
  Dodge: Dodged            |    24 |    60 |    58 ||   142

Table legend: (Time is in decaauts)
 A = Elapsed time spent in this place.
 B = Non-inter-level travel time spent in this place.
 C = Inter-level travel time spent in this place.
 D = Time resting spent in this place.
 E = Time spent auto-exploring this place.
 F = Levels seen in this place.
 G = Mean time per level.
                   A        B        C        D        E       F      G
               +--------+--------+--------+--------+--------+-----+--------+
         Total |   5568 |   5276 |    292 |    294 |   3342 |  10 |  556.8 |
       Dungeon |   5421 |   5267 |    154 |    294 |   3342 |   9 |  602.3 |
        Temple |    147 |      9 |    138 |      0 |      0 |   1 |  147.0 |
               +--------+--------+--------+--------+--------+-----+--------+

Top non-repeatable levels by time:
     D:7: 971 daAuts
     D:1: 870 daAuts
     D:6: 841 daAuts
     D:3: 805 daAuts
     D:2: 746 daAuts
     D:4: 623 daAuts
     D:5: 451 daAuts
  Temple: 147 daAuts
     D:9: 84 daAuts
     D:8: 26 daAuts
